Cogmind - Beta 15 @@@ ROGUE MODE // 2025.10.19 @ 00:12:31 Player: Runagate Result: Destroyed by G-34 Mercenary with Small Laser Performance ------------- Evolutions (1) 500 Regions Visited (2) 400 Robots Destroyed (46) 230 Value Destroyed (1108) 1108 Prototype IDs (3) 60 Alien Tech Used (0) 0 Bonus (0) 0 TOTAL SCORE: 2298 Bonus ------- None Cogmind --------- Core Integrity 0/400 Matter 245/300 Energy 79/100 System Corruption 3% Temperature Cool (12) Movement Core (1350) Ox26 Location -9/Materials Parts ------- > --- POWER (1) -------- (None) > --- PROPULSION (3) --- (None) > --- UTILITY (3) ------ Heat Sink Huge Storage Unit > --- WEAPON (2) ------- (None) > --- INVENTORY (25) --- Light Ion Engine Small Storage Unit Small Storage Unit Seismic Detector Shock Rifle Shock Rifle Shock Rifle Shock Rifle Small Laser Peak State ------------ > --- POWER ------------ Ion Engine > --- PROPULSION ------- Wheel Compact Wheel Compact Wheel > --- UTILITY ---------- Heat Sink Huge Storage Unit Medium Armor Plating > --- WEAPON ----------- Shock Rifle Shock Rifle > --- INVENTORY -------- Light Ion Engine Light Ion Engine Small Storage Unit Small Storage Unit Seismic Detector Shock Rifle Shock Rifle Shock Rifle Shock Rifle Small Laser Rocket Launcher [Rating: 16] Favorites ----------- Power Ion Engine Engine Ion Engine Propulsion Wheel Wheel Wheel Utility Huge Storage Unit Device Seismic Detector Storage Huge Storage Unit Protection Medium Armor Plating Weapon Shock Rifle Energy Gun Shock Rifle Ballistic Gun Light Assault Rifle Launcher Rocket Launcher Build | -11 -10 -9 ------- Run | Yrd Mat Mat Slots Evolved 2 | . . 2 Power . | . . . Propulsion 1 | . . 1 Utility 1 | . . 1 Weapon . | . . . Parts Attached 27 | 8 8 11 Power 3 | 1 2 . Engine 3 | 1 2 . Core . | . . . Reactor . | . . . Propulsion 7 | 2 3 2 Treads . | . . . Leg . | . . . Wheel 7 | 2 3 2 Hover . | . . . Flight . | . . . Utility 5 | 2 1 2 Device 2 | 1 . 1 Storage 2 | 1 1 . Processor . | . . . Hackware . | . . . Protection 1 | . . 1 Artifact . | . . . Weapon 12 | 3 2 7 Energy Gun 9 | 1 2 6 Energy Cannon . | . . . Ballistic Gun 2 | 2 . . Ballistic Cannon . | . . . Launcher 1 | . . 1 Special Weapon . | . . . Impact Weapon . | . . . Slashing Weapon . | . . . Piercing Weapon . | . . . Special Melee Weapon . | . . . Unidentified Prototypes . | . . . Parts Lost 18 | . 4 14 Power 3 | . 1 2 Propulsion 7 | . 1 6 Utility 1 | . . 1 Weapon 7 | . 2 5 Highest Loss Streak 9 | . 4 9 To Critical Strikes . | . . . Average Backups 6 | 1 3 10 Power 1 | . . 1 Propulsion . | . 1 . Utility 1 | . 1 2 Weapon 2 | . . 5 Tool/Special . | . . . Unused Backups 4 | . . 4 Power 1 | . . 1 Propulsion . | . . . Utility 1 | . . 1 Weapon 2 | . . 2 Tool/Special . | . . . Average Slot Usage (%) 94 | . 97 91 Engine 11 | . 13 10 Wheel 29 | . 27 31 Device 12 | . 14 11 Storage 12 | . 14 11 Protection 2 | . . 5 Energy Gun 16 | . 11 21 Ballistic Gun 7 | . 15 . Peak Build Rating 16 | 7 7 16 Average Rating 10 | 5 6 13 On Entrance 4 | . 7 7 Naked Turns . | . . . Heaviest Build 99 | 12 88 99 Greatest Support 42 | 32 32 42 Greatest Overweight (x) 8 | . 4 8 Average Overweight (x) 1 | . . 2 Largest Inventory Capacity 25 | 8 25 25 Average Capacity 18 | 6 12 25 Most Carried 14 | 2 6 14 Average Carried 6 | 1 3 10 Final Capacity 25 | 8 25 25 Final Carried 9 | 2 6 9 Class Distribution -------------------- 56% | Mutant 43% | Scavenger-Mutant Dominant Class ---------------- Mutant | -10/Materials Scavenger-Mutant | -9/Materials Resources | -11 -10 -9 ----------- Run | Yrd Mat Mat Matter Collected 634 | 306 192 136 Remotely . | . . . Salvage Created 1776 | 89 630 1057 Parts 109 | 5 26 78 Haulers Intercepted 1 | . . 1 Recyclers Shooed 1 | . 1 . Parts Field Recycled . | . . . Retrieved Matter . | . . . Parts Self-Destructed . | . . . Prevented . | . . . Kills | -11 -10 -9 ------- Run | Yrd Mat Mat Combat Hostiles Destroyed 29 | . 9 20 Guns 22 | . 8 14 AOE 6 | . 1 5 Classes Destroyed 9 | 2 3 4 Builder 5 | . 1 4 Tunneler 2 | 1 . 1 Hauler 1 | . . 1 Recycler 4 | 1 2 1 Mechanic 2 | . . 2 Watcher 3 | . 1 2 Swarmer 7 | . . 7 Grunt 16 | . 9 7 Sentry 6 | . . 6 Best Kill Streak 6 | 2 6 6 Combat Bots Only 4 | . 4 4 Max Kills in Single Turn 4 | 1 1 4 Gunslinging . | . . . Exploded 2 | . 1 2 Melee . | . . . Uniques/NPCs Destroyed . | . . . Combat | -11 -10 -9 -------- Run | Yrd Mat Mat Hostile Shots Fired 197 | . 52 145 Missed 49 | . 13 36 Hits 148 | . 39 109 Projectile 148 | . 39 109 Critical Strikes 6 | . 3 3 Damage Taken 1852 | . 539 1313 Core 617 | . 213 404 Absorbed by Shields . | . . . Core Remaining (%) 57 | 100 14 . Volleys Fired 118 | 4 51 63 Largest 2 | 2 2 2 Hottest 100 | 40 60 100 Shots Fired 204 | 8 80 116 Gun 200 | 8 80 112 Cannon . | . . . Launcher 4 | . . 4 Special . | . . . Kinetic 59 | 8 51 . Thermal 15 | . 5 10 Explosive 4 | . . 4 Electromagnetic 126 | . 24 102 Robot Hit Streak 7 | 2 6 7 Robot Miss Streak 3 | 2 3 3 Penetration Max . | . . . Secondary Targets 5 | . 2 3 Max Gunslinging Chain 1 | . 1 1 Shots Hit Robots 125 | 3 54 68 Core Hits 70 | 4 29 37 Critical Kills 1 | . 1 . Critical Parts Destroyed 1 | . 1 . Critical Strikes 4 | . 3 1 Destroy 2 | . 2 . Corrupt 2 | . 1 1 Melee Attacks . | . . . Impact . | . . . Slashing . | . . . Piercing . | . . . Sneak Attacks . | . . . Combat Hostiles . | . . . Follow-up Attacks . | . . . Damage Inflicted 2636 | 42 744 1850 Guns 1878 | 42 624 1212 Cannons . | . . . Explosions 745 | . 116 629 Melee . | . . . Ramming 13 | . 4 9 Kinetic 407 | 42 365 . Thermal 494 | . 163 331 Explosive 365 | . . 365 Electromagnetic 1357 | . 212 1145 Impact . | . . . Slashing . | . . . Piercing . | . . . Highest Corruption 3 | . . 3 Average Corruption 1 | . . 1 Corruption Purged . | . . . Corruption Blocked . | . . . Effects 2 | . . 2 Matter Fused 2 | . . 2 Overload Shots . | . . . Overflow Damage 66 | . . 66 Projectiles . | . . . Explosions 66 | . . 66 Melee . | . . . Knockbacks . | . . . Impact . | . . . Kinetic . | . . . Secondary . | . . . Self-Inflicted Damage 67 | . 2 65 Shots 2 | . . 2 Rammed 3 | . 1 2 Targets Rammed 3 | . 1 2 Kicked . | . . . Crushed . | . . . Highest Temperature 195 | . 132 195 Average Temperature 47 | . 48 47 Received Heat Transfer 735 | . 369 366 Siege Activations . | . . . Martial Activations . | . . . Shielding Activations . | . . . Robots Disrupted . | . . . Combat Hostiles . | . . . Robots Corrupted 1 | . . 1 Combat Hostiles 1 | . . 1 Parts Fried 6 | . . 6 Impact Corruptions . | . . . Robots Melted . | . . . Combat Hostiles . | . . . Parts Melted . | . . . Heat Transferred 700 | . 200 500 Parts Sabotaged . | . . . Parts Stolen . | . . . Parts Stripped . | . . . Power Chain Reactions 5 | . 1 4 Alert | -11 -10 -9 ------- Run | Yrd Mat Mat Maximum Alert Level . | . . . Low Security (%) 100 | 100 100 100 Level 1 . | . . . Level 2 . | . . . Level 3 . | . . . Level 4 . | . . . Level 5 . | . . . High Security . | . . . Max Security . | . . . Peak Influence 143 | 10 94 143 Initial 9 | . . 9 Average 37 | 1 26 49 Influence Increases 971 | 10 302 659 Destroy 0b10 Robot/C 580 | . 180 400 Destroy 0b10 Robot/NC 85 | 10 20 55 Destroy Leader 138 | . 52 86 Successful Hack 47 | . 30 17 Disable Machine 30 | . . 30 Destroy Structure 31 | . 5 26 Lose Combat Pursuer 60 | . 15 45 Influence Decreases 838 | 10 278 550 Entered New Map 15 | . . 15 Time Decay 643 | 10 238 395 Lost Part 180 | . 40 140 Squads Dispatched 3 | . 1 2 Investigation 2 | . 1 1 Extermination . | . . . Reinforcement 1 | . . 1 Assault . | . . . Garrison . | . . . Intercept . | . . . Searches Triggered . | . . . Construction Impeded . | . . . Haulers Reinforced . | . . . Active Scanning Responses . | . . . Cargo Convoy Interrupts . | . . . Stealth | -11 -10 -9 --------- Run | Yrd Mat Mat Distress Signals . | . . . Communications Jammed . | . . . Distress Signals . | . . . Times Spotted 44 | . 12 32 Peak Tracking Total 7 | . 3 7 Tactical Retreats 3 | . 1 2 Traps | -11 -10 -9 ------- Run | Yrd Mat Mat Traps Triggered 4 | . 1 3 Indirectly . | . . . Trap Hack Attempts . | . . . Triggered . | . . . Disarmed . | . . . Reprogrammed . | . . . Reused . | . . . Traps Extracted . | . . . Installed . | . . . Triggered . | . . . Machines | -11 -10 -9 ---------- Run | Yrd Mat Mat Machines Disabled 3 | . 1 2 Max in Single Turn 1 | . 1 1 Machines Repaired . | . . . Machines Dismantled . | . . . Machines Sabotaged . | . . . Overloaded Fab Kills . | . . . Hacking | -11 -10 -9 --------- Run | Yrd Mat Mat Machines Accessed 11 | . 7 4 Terminals 11 | . 7 4 Fabricators . | . . . Repair Stations . | . . . Recycling Units . | . . . Scanalyzers . | . . . Garrison Access . | . . . Total Hacks 41 | . 24 17 Successful 22 | . 12 10 Failed 19 | . 12 7 Catastrophic 3 | . 2 1 Database Lockouts . | . . . Manual 38 | . 22 16 Terminals 41 | . 24 17 Fabricators . | . . . Repair Stations . | . . . Recycling Units . | . . . Scanalyzers . | . . . Garrison Access . | . . . Terminal Hacks 6 | . 4 2 Prototype ID Bank 2 | . 1 1 Emergency Access Points 1 | . 1 . Terminal Index 2 | . 1 1 Registered Components 1 | . 1 . Fabricator Hacks . | . . . Repair Station Hacks . | . . . Recycling Unit Hacks . | . . . Scanalyzer . | . . . Garrison Access Hacks . | . . . Unauthorized Hacks 16 | . 8 8 Terminals 16 | . 8 8 Botnet 5 | . 2 3 Operators 2 | . 1 1 Skim 9 | . 5 4 Fabricators . | . . . Repair Stations . | . . . Recycling Units . | . . . Scanalyzers . | . . . Garrison Access . | . . . Data Cores Recovered . | . . . Used . | . . . Hacking Detections 10 | . 6 4 Full Trace Events . | . . . Feedback Events . | . . . Feedback Blocked . | . . . Robot Schematics Acquired . | . . . Robots Built . | . . . Authchips . | . . . Time . | . . . Total Robot Build Rating . | . . . Part Schematics Acquired . | . . . Parts Built . | . . . Authchips . | . . . Time . | . . . Total Part Build Rating . | . . . Parts Repaired . | . . . Time . | . . . Parts Recycled . | . . . Recycled Matter . | . . . Retrieved Matter . | . . . Retrieved Components . | . . . Parts Scanalyzed . | . . . Part Schematics Acquired . | . . . Parts Damaged . | . . . Bothacking | -11 -10 -9 ------------ Run | Yrd Mat Mat Used RIF Installer . | . . . Robots Hacked . | . . . Non-combat . | . . . Combat . | . . . Robot Hacks Applied . | . . . Relay Couplers Released . | . . . Fabnet Peak Effective % . | . . . Robots Rewired . | . . . Allies Hacked . | . . . Hacks Repelled . | . . . Allies | -11 -10 -9 -------- Run | Yrd Mat Mat Total Allies . | . . . Largest Group . | . . . Highest-Rated Group . | . . . Highest-Rated Ally . | . . . Total Orders . | . . . Ally Attacks . | . . . Total Damage . | . . . Kills . | . . . Allies Corrupted . | . . . Allies Melted . | . . . Intel | -11 -10 -9 ------- Run | Yrd Mat Mat Active Infowar (turns) 1278 | 21 989 268 Seismic 1278 | 21 989 268 Robot Analysis Total . | . . . Derelict Logs Recovered . | . . . Drone Launches . | . . . Drone Recoveries . | . . . Exploration | -11 -10 -9 ------------- Run | Yrd Mat Mat Turns Passed 2118 | 79 989 1050 Spaces Moved 1384 | 54 657 673 Core 4 | 4 . . Treads . | . . . Legs . | . . . Wheels 1380 | 50 657 673 Hover . | . . . Flight . | . . . Fastest Speed 50 | 50 90 116 Average Speed 108 | 96 98 118 Slowest Speed 200 | 100 140 200 Overloaded Moves . | . . . Propulsion Burnouts . | . . . Robots Hopped . | . . . Potential Cave-ins . | . . . Cave-ins Triggered . | . . . Exploration Rate (%) 37 | 3 68 41 Regions Visited 2 Branch Regions . Pre-discovered Areas 2 | . 2 . Known Exits Taken 1 | . 1 . Unknown Exits Taken 1 | 1 . . Scrap Searched . | . . . Spaces Dug . | . . . Terrain Destroyed 29 | . 4 25 Melee . | . . . Projectile . | . . . AOE 29 | . 4 25 Terrain Rammed . | . . . Walls Destroyed . | . . . Machines Disabled . | . . . Actions | -11 -10 -9 --------- Run | Yrd Mat Mat Total 1790 | 69 919 802 Wait 242 | 2 199 41 Move 1382 | 53 656 673 Hop . | . . . Pick Up 9 | 1 1 7 Fast Attach 10 | 7 2 1 Attach 10 | . 2 8 Detach . | . . . Swap 16 | 2 7 7 Drop . | . . . Fire 118 | 4 51 63 Melee . | . . . Ram 3 | . 1 2 Kick . | . . . Crush . | . . . Escape Stasis . | . . . Rewire . | . . . Trap . | . . . Miscellaneous . | . . . Route ------- -11/Scrapyard -10/Materials (discovered 6 exits: *Mat x3 / *Min x2 / Sub) -9/Materials (discovered 3 exits: [*Mat] / [*Min x2]) History --------- Turn | Location | Event 9 | -11/Scrapyard | Discovered new exit (range 15) 80 | -11/Scrapyard | Entered Materials 255 | -10/Materials | Discovered new exit (range 15) 315 | -10/Materials | Build established: Mutant 348 | -10/Materials | Discovered new exit (range 13) 459 | -10/Materials | Core integrity fell below 50% 470 | -10/Materials | Lost 4 parts (1p1n2w) 477 | -10/Materials | Core integrity fell below 20% 587 | -10/Materials | Discovered new exit (range 10) 838 | -10/Materials | Learned location of 2 exits from Mines 856 | -10/Materials | Discovered new exit (range 9) 947 | -10/Materials | Identified exit to Materials 947 | -10/Materials | Identified exit to Mines 947 | -10/Materials | Identified exit to Subcaves 1019 | -10/Materials | Learned location of Recycling (-7) 1069 | -10/Materials | Entered another Materials area 1069 | -9/Materials | Evolved 2 slots: Propulsion x1, Utility x1 1130 | -9/Materials | Build established: Scavenger-Mutant 1723 | -9/Materials | Build established: Mutant 1927 | -9/Materials | Discovered new exit (range 15) 2061 | -9/Materials | Discovered new exit (range 16) 2062 | -9/Materials | Discovered new exit (range 16) 2076 | -9/Materials | Core integrity fell below 50% 2110 | -9/Materials | Core integrity fell below 20% 2119 | -9/Materials | Destroyed by G-34 Mercenary with Small Laser Last Messages --------------- 02101_ K-01 Serf destroyed. 02103_ Y-45 Defender IFF system glitched. 02103_ R-06 Scavenger inserts Lgt. Ion Engine into recycling unit. 02109_ R-06 Scavenger collects Lgt. Assault Rifle. 02109_ K-01 Serf collects debris. 02110_ Y-45 Defender destroyed. 02110_ M-13 Machinist destroyed. 02110_ Destroyed Wheel. 02110_ M-13 Machinist destroyed. 02110_ R-06 Scavenger destroyed. 02112_ Shock Rifle destroyed. 02113_ Wheel destroyed. 02113_ K-01 Serf collects debris. 02114_ System corrupted: Matter fused (-6). 02115_ Mni. Grenade Launcher tumbles out of recycling unit. 02117_ Y-45 Defender destroyed. 02117_ Rocket Launcher destroyed. 02118_ Lgt. Ion Engine destroyed. 02119_ K-01 Serf collects debris. 02119_ U-05 Engineer suffers critical hit (Destroy). Map ----- +----------------------------------------------------+ | # #???# # ## #???####### """#????# | | # #???# # ## #?????????# """#????# | | # #???# # ## #?????????# #????# | | ######???# ########### ########### """#????# | | ?????????# % + """#????# | | ?????????# ###########+########### """#????# | | ????????## #?????# | ####### #????# | | ????#####""""#####?# # ##+#######????# | | ????# [% #?# # #????????# | | ????## == #?# # ########## | | ?????# #?########### """ # """ # | | ?????# """ "" #???????????# """ # """ T # | | ?????# """ """ #???????????# """ # """ # | | ?????# """ S" #???????????# + # | | ?????# #???????????# # # | | ?????#############???????????# """ # # | | ?????????????????????????????# """ ########## | | ?????????????????????????????# """ #??# # | | ?????????????????????????????# #??# | | ????????????????????#????????# #??# | | ????????????????????# ??????## k ##?# | | ????????????######??# ???? # %##?# # | | ???????????## ##+#### = ##### ## | | ?????????? s u % ] % # | | ?????????? % < g[= % # | | ??????o??? !%= u @ * g % + | | ????????????# k##+##### ! [ % # | | ????????????????????????????# %[! "Y"####### # | | ????????????????????????????# %** #"""#?????# ## | | ????????????????????????????# %= #####?????#% #? | | ????????????????????????????+[ ????????# #? | | ??????????????????????????? ### //??????# #? | | ?????????????????????????? ???# !!#?????# ## | | ?????????????????????????"????# !!#?????# | | ????????????????????????"?????# ]]#?????# | | ??????????????????????????????# ]]#?????# | | ??????????????????????????????# #####?????###### | | ?????????????????????????????? ???????????# | | ?????????????????????????????? ???????????# | | ?????????????????????????????? < #??????????# ! | | ?????????????????????????????? #??????????# ! | | ?????????????????????????????? #??????????# ! | | ??????????????????????????????# #???????????# | | ??????????????????????????????????????????????# | | ??????????????????????????????????????????????# | | ??????????????????????????????????????????????# | | ??????????????????????????????????????????????#### | | ?????????????????????????????????????????????????? | | ?????????????????????????????????????????????????? | | ?????????????????????????????????????????????????? | +----------------------------------------------------+ Best States ------------- Heat Dissipation 38 Energy Generation 10 Energy Capacity 250 Matter Stores 300 Matter Capacity 300 Sight Range 16 Terrain Scan Density 10 Armor Coverage 225 Evasion (%) 42 Item Schematics ----------------- None Robot Schematics ------------------ None Fabricated ------------ Nothing Repaired ---------- Nothing Alien Tech Used ----------------- None Achievements -------------- None Challenges ------------ None Game ------ Seed SchematicPhysicsLegs Manual? 0 Play Time 00:15:17 Cumulative 196.5 hours Start 2025.10.18 @ 23:57:02 End 2025.10.19 @ 00:12:31 Sessions 1 Manual Loads 0 Difficulty Rogue Special Mode None Game No. 328 Rogue 326 Adventurer 0 Explorer 2 Win Type - Total 2 Types 1/0/0/1/0/0/0/0/0/0 Lore% 51 Gallery% 59 Achievement% 51 Wizard Run 0 Options --------- Layout 0 ASCII 0 Keyboard 1 Movement Arrows Keybinds 0 Fullscreen 1 Font 20/SmallcapsGlow Map View 82x60 Zoom Use 37% Tactical HUD 1 Map Filters NONE Filters NONE Steam 1 RUN: bb28a0bf-f79e-4101-9188-0ebd1b6e573d